AoeStats
← Commander-Maximus

Arabia

510481353Analyzed
1v1 RM · 1d ago on Oct 1, 2026· 41m 23s· 2 players
Game mode
Random Map
Map size
Tiny (2 player)
Population
200
Speed
Normal
Resources
Standard
Victory
Conquest
Starting age
Dark Age
Ending age
Imperial Age
RankedLock teamsTeams togetherTeam positionsShared explorationLock speedFull tech treeHidden civsTurbo modeCheats
Victory
Defeat
🇨🇦 Lithuanians · Canada
1092
+13
🇦🇷 Huns · Argentina
1034
-13
SHAKA
7:29 Loom
10:10 Feudal Age
12:33 Double-Bit Axe
22:12 Castle Age
21:12 Wheelbarrow
20:23 Town Watch
23:25 Bow Saw
25:38 Husbandry
25:53 Bloodlines
27:59 Hand Cart
28:25 Bow Saw
28:05 Pikeman
30:10 Horse Collar
30:28 Gold Mining
39:52 Scale Mail Armor
Commander-Maximus
9:35 Feudal Age
10:13 Double-Bit Axe
11:24 Loom
17:39 Horse Collar
18:14 Scale Barding Armor
18:53 Bloodlines
24:37 Castle Age
24:17 Forging
25:02 Light Cavalry
26:05 Chain Barding Armor
26:12 Husbandry
32:00 Iron Casting
32:14 Wheelbarrow
32:51 Elite Skirmisher
33:29 Town Watch
34:32 Fletching
38:54 Gold Mining
40:49 Heavy Plow
Connection lost

Rejoining the realm…

Still unreachable

The connection could not be restored.

Session expired

The server has moved on; the page needs a fresh start.